 Dungeon Crawl Stone Soup version 0.25-a0-665-ga69d640 (webtiles) character file.

Game seed: 11196023458051941092, levelgen mode: deterministic

611 Faca the Skirmisher (level 7, -4/58 HPs)
             Began as a Human Fighter on Mar 26, 2020.
             Was a Follower of Okawaru.
             Killed from afar by Ijyb (19 damage)
             ... with a bolt of acid
             ... on level 4 of the Dungeon.
             The game lasted 00:08:29 (4485 turns).

Faca the Skirmisher (Human Fighter)                 Turns: 4485, Time: 00:08:30

Health: -4/58      AC:  6    Str: 17 (18) XL:     7   Next: 72%
Magic:  7/7        EV:  4    Int:  7 (9)  God:    Okawaru [*.....]
Gold:   192        SH:  9    Dex: 12      Spells: 6/6 levels left

rFire    . . .     SeeInvis .   a - +1 long sword
rCold    . . .     Gourm    .   c - +0 kite shield
rNeg     . . .     Faith    .   j - +0 chain mail
rPois    .         Spirit   .   (no helmet)
rElec    .         Reflect  .   l - +0 cloak
rCorr    .         Harm     .   (no gloves)
MR       .....                  (no boots)
Stlth    ..........             (no amulet)
HPRegen  0.19/turn              (no ring)
MPRegen  0.10/turn              (no ring)

@: corroded
A: no striking features
a: Heroism, Renounce Religion


You were on level 4 of the Dungeon.
You worshipped Okawaru.
Okawaru was aware of your devotion.
You were not hungry.

You visited 1 branch of the dungeon, and saw 4 of its levels.

You collected 192 gold pieces.

Inventory:

Hand Weapons
 a - a +1 long sword (weapon)
Missiles
 m - 2 javelins (quivered)
 p - 3 boomerangs
Armour
 c - a +0 kite shield (worn)
 j - a +0 chain mail (worn)
 l - a +0 cloak (worn)
Wands
 k - a wand of polymorph (12)
 n - a wand of disintegration (11)
Scrolls
 b - 2 scrolls of immolation
 g - a scroll of remove curse
Comestibles
 f - 3 rations


   Skills:
 + Level 6.2 Fighting
 + Level 5.8 Long Blades
 - Level 3.0 Armour
 - Level 3.0 Shields


You had 6 spell levels left.
You didn't know any spells.
Your spell library was empty.

Dungeon Overview and Level Annotations

Branches:
Dungeon (4/15)             Temple (0/1) D:4

Altars:
Ashenzari
Dithmenos
Hepliaklqana
Kikubaaqudgha
Okawaru
Sif Muna
Wu Jian

Annotations:
D:4 Ijyb, Menkaure


Message History

You kill the adder!
Okawaru accepts your kill.
No target in view!
No target in view!
You see here an adder corpse.
You now have 192 gold pieces (gained 11).
There is an open door here.
You see here 12 stones.
All of the chunks of flesh in your inventory have rotted away.
There is an open door here.
There is an open door here.
There is an open door here.
Ijyb the Twisted Goblin comes into view.
She is wielding a +0 club and carrying a wand of acid (9).
Ijyb zaps a wand.
The bolt of acid hits you!
You are splashed with acid!
Ijyb screams, "Get away!"
Ijyb zaps a wand.
The bolt of acid hits you! The acid corrodes you!
You are splashed with acid!
* * * LOW HITPOINT WARNING * * *
Ijyb zaps a wand.
The bolt of acid hits you!!
You die...

#.#.#.#.#.#.#.#.#.#.#.#.#≈≈≈≈≈≈≈
##.#.#.#.#.#.#.#.#.#.#.##≈≈≈≈≈≈≈
##>#.#.#.#.#.#.#.#.#.#.#.########
..#.#.#....g..#.#.#.#.#.#.##.#.#.
#.#.#.#.....#.#.#.#.#.#.###.#...
##.#.#.......#.#.#.#.#.#.##.#..#
#.#.#.#.#+#.#.#.#.#.#.#.###.#..#
###.#.#.#.#.#.#.#.#.#.#.#.##.#..#
#......#.#.#.#.#@#.#.#.#.#.......
#.....#.#.#.#.#.#.#.#.#.#†##.....
#.....+#.#.#.#.#.#.#.#.#.########
......#.#.#.#.#.#.#.#.#.#.# #
##'#+#.#.#.#.#.#.#.#.#.#.## #
..#.#.#.#.#.#.#.#.#.#.#.#.# #
##.#.#.#.#.#.#.#.#.#.#.#.## #
..#.#.#.#.#.#.#.#.#.#+#+#'## #
...#.#.#.#.#.#.#.#.........#


You could see Ijyb.

Vanquished Creatures
  Sigmund (D:4)
  5 hounds (D:4)
  Crazy Yiuf (D:2)
  A bullfrog skeleton (D:4)
  Jessica (D:2)
  A worker ant (D:4)
  4 gnolls (D:2)
  6 adders
  3 worms
  3 dart slugs
  4 leopard geckos
  8 orcs
  2 ball pythons (D:3)
  13 bats
  5 giant cockroaches
  7 goblins
  5 hobgoblins
  3 kobolds
  4 frilled lizards
  7 rats
  A fungus (D:2)
85 creatures vanquished.

Notes
Turn   | Place    | Note
-------+----------+-------------------------------------------
     0 | D:1      | Faca the Human Fighter began the quest for the Orb.
     0 | D:1      | Reached XP level 1. HP: 18/18 MP: 1/1
    41 | D:1      | Reached XP level 2. HP: 10/24 MP: 2/2
   353 | D:1      | Reached XP level 3. HP: 20/29 MP: 3/3
  1079 | D:2      | Reached XP level 4. HP: 31/37 MP: 4/4
  1146 | D:2      | Noticed Jessica
  1152 | D:2      | Killed Jessica
  1152 | D:2      | Reached skill level 4 in Fighting
  1365 | D:2      | Found a shattered altar of Ashenzari.
  1423 | D:2      | Reached XP level 5. HP: 14/42 MP: 5/5
  1810 | D:2      | Found a shadowy altar of Dithmenos.
  1994 | D:2      | Found an ancient bone altar of Kikubaaqudgha.
  1994 | D:2      | Found an ornate altar of the Wu Jian Council.
  2071 | D:2      | Found a runed translucent door.
  2072 | D:2      | Noticed Crazy Yiuf
  2087 | D:2      | Killed Crazy Yiuf
  2518 | D:3      | Reached XP level 6. HP: 50/50 MP: 6/6
  2661 | D:3      | Found a shimmering blue altar of Sif Muna.
  2694 | D:3      | Found an iron altar of Okawaru.
  2702 | D:3      | Became a worshipper of Warmaster Okawaru
  2881 | D:3      | Found a hazy altar of Hepliaklqana.
  3035 | D:4      | Reached skill level 5 in Fighting
  3437 | D:4      | Reached skill level 5 in Long Blades
  3437 | D:4      | Reached XP level 7. HP: 56/56 MP: 7/7
  3491 | D:4      | Noticed Sigmund
  3579 | D:4      | Killed Sigmund
  3579 | D:4      | Reached * piety under Okawaru
  3579 | D:4      | Reached skill level 6 in Fighting
  3608 | D:4      | HP: 2/58 [poisoned by Sigmund]
  3613 | D:4      | HP: 2/58 [poisoned by Sigmund]
  3619 | D:4      | HP: 1/58 [poisoned by Sigmund]
  3625 | D:4      | HP: 1/58 [poisoned by Sigmund]
  3951 | D:4      | Found a staircase to the Ecumenical Temple.
  4085 | D:4      | Noticed Menkaure
  4477 | D:4      | Noticed Ijyb
  4485 | D:4      | Killed from afar by Ijyb

Levels and vault maps discovered:
D:1:      minmay_arrival_four_houses, layout_basic, minmay_distorted
D:2:      layout_loops_ring, lemuel_coloured_pillars_altar,
          gammafunk_temple_overflow_elements, first_ration, ashenzari_altar_1,
          uniq_jessica, uniq_crazy_yiuf_cottage
D:3:      layout_basic, marbit_many_paths, okawaru_metal_pillars_1_2,
          lemuel_blue_sif_altar, serial_bayou_ford_a
D:4:      layout_basic, minmay_temple_entry_poolview, uniq_ijyb, uniq_menkaure,
          uniq_sigmund

Skill      XL: |  1  2  3  4  5  6  7 |
---------------+----------------------+-----
Long Blades    | 3 4 5 |  5.8
Fighting       | 4 5 6 |  6.2
Armour         | |  3.0
Shields        | |  3.0

Action                   |  1- 3 |  4- 6 |  7- 9 || total
-------------------------+-------+-------+-------++-------
Melee: Long sword        |   108 |   170 |    49 ||   327
Throw: Throwing net      |       |       |     1 ||     1
  Use: Scroll            |     3 |     1 |       ||     4
       Potion            |       |     1 |     6 ||     7
  Eat: Chunk             |     1 |     4 |       ||     5
       Ration            |       |     1 |     1 ||     2
Armor: Scale mail        |    72 |       |       ||    72
       Chain mail        |       |    86 |    22 ||   108
Dodge: Dodged            |    51 |    33 |     9 ||    93
Block: Kite shield       |    73 |    73 |    17 ||   163
       Rpst.: Long sword |    17 |    15 |     2 ||    34

Table legend:
 A = Non-vault XP
 B = Vault XP
 C = Vault XP percentage of total XP
 D = Non-vault monster count
 E = Vault monster count
 F = Vault count percentage of total count
                 A         B        C        D         E       F
            +---------+---------+-------+---------+---------+-------
      Total |     561 |     313 |  35.8 |      79 |       5 |   6.0
            +---------+---------+-------+---------+---------+-------
        D:1 |      52 |       3 |   5.5 |      30 |       2 |   6.2
        D:2 |      99 |      79 |  44.4 |      17 |       2 |  10.5
        D:3 |      45 |       0 |   0.0 |      14 |       0 |   0.0
        D:4 |     365 |     231 |  38.8 |      18 |       1 |   5.3
            +---------+---------+-------+---------+---------+-------
